 Dungeon Crawl Stone Soup version 0.30-a0-920-g7493c07aab (webtiles) character file.

Game seed: 16502991174429322705

119 cforsyth the Covered (level 5, -3/42 HPs)
             Began as a Human Fighter on Mar 21, 2023.
             Succumbed to a scorpion's poison
             ... on level 3 of the Dungeon.
             The game lasted 00:03:10 (1878 turns).

cforsyth the Covered (Human Fighter)                Turns: 1878, Time: 00:03:10

Health: -3/42      AC:  8    Str: 19    XL:     5   Next: 24%
Magic:  2/5        EV:  9    Int:  8    God:
Gold:   128        SH:  4    Dex: 12    Spells: 4/4 levels left

rFire   . . .      SeeInvis .    a - +0 flail
rCold   . . .      Faith    .    c - +0 buckler
rNeg    . . .      Spirit   +    b - +0 scale mail
rPois   .          Reflect  .    (no helmet)
rElec   .          Rampage  .    (no cloak)
rCorr   .                        (no gloves)
Will    .....                    o - +0 pair of boots Stlth
                                 e - amulet of guardian spirit
HPRegen 0.27/turn                (no ring)
MPRegen 0.09/turn                (no ring)

@: lethally poisoned (-3 -> -14)
A: no striking features
a: no special abilities


You were on level 3 of the Dungeon.
You visited 1 branch of the dungeon, and saw 4 of its levels.

You collected 152 gold pieces.
You spent 24 gold pieces at shops.

Inventory:

Hand Weapons
 a - a +0 flail (weapon)
Armour
 b - a +0 scale mail (worn)
 c - a +0 buckler (worn)
 o - a +0 pair of boots (worn)
Jewellery
 e - an amulet of guardian spirit (around neck)
Scrolls
 f - 4 scrolls of teleportation {unknown}
 g - 2 scrolls of fear {unknown}
 h - 3 scrolls of identify {unknown}
 l - 2 scrolls of enchant weapon {unknown}
 p - 2 scrolls of blinking {unknown}
 r - a scroll of poison {unknown}
 s - a scroll of brand weapon {unknown}
 t - a scroll of acquirement {unknown}
Potions
 d - a potion of might
 i - 3 potions of haste
 m - a potion of lignification {unknown}
 n - a potion of curing {unknown}
 q - a potion of berserk rage {unknown}


   Skills:
 + Level 3.7 Fighting
 + Level 3.0 Maces & Flails
 + Level 3.8 Armour
 + Level 3.7 Shields


You had 4 spell levels left.
You didn't know any spells.
Your spell library contained the following spells:

 Spells                   Type           Power      Damage    Failure   Level
 Blink                    Tloc           0%         N/A       94%         2
 Lesser Beckoning         Tloc           0%         N/A       94%         2
 Momentum Strike          Conj/Tloc      0%         3d8       94%         2


Dungeon Overview and Level Annotations

Branches:
Dungeon (4/15)
 Temple: D:4-7

Altars:

Shops:
D:3 *[

Annotations:
D:2 1 runed translucent door, Crazy Yiuf
D:4 Sigmund


Message History

The scorpion stings you.
You climb upwards.
Reactivating autopickup.
There is a stone staircase leading down here.
You closely miss the scorpion.
The scorpion is moderately wounded.
Your extra speed is starting to run out.
The scorpion stings you.
You closely miss the scorpion.
The scorpion is moderately wounded.
The scorpion stings you.
You hit the scorpion but do no damage.
The scorpion is lightly wounded.
The scorpion closely misses you.
You barely miss the scorpion.
The scorpion is lightly wounded.
The scorpion stings you.
You closely miss the scorpion.
The scorpion is lightly wounded.
The scorpion stings you.
* * * LOW HITPOINT WARNING * * *
You are lethally poisoned!
The scorpion poisons you!
You thump the scorpion!
The scorpion is severely wounded.
You feel yourself slow down.
* * * LOW HITPOINT WARNING * * *
You feel very sick. The scorpion stings you.
* * * LOW HITPOINT WARNING * * *
You are more poisoned.
The scorpion poisons you! The scorpion misses you.
You closely miss the scorpion.
The scorpion is severely wounded.
* * * LOW HITPOINT WARNING * * *
You feel very sick.
The scorpion stings you but does no damage.
You sock the scorpion!
You kill the scorpion!
You die...

#.# #........######.#........ #.#
#.......## #..#........ #.#
#.......# ##.##.......# ##.##
###......## ##..###.####.#
....###........#####..####.####..
....##..#........................
.......#######.###########..#####
.....### #.†#### ##....## ....##
##.@..###########... ...)#
####........#####.. ....#
########...###.. ....# ###...#..
....# ####### #####


There were no monsters in sight!

Vanquished Creatures
  A scorpion (D:3)
  3 gnolls (D:3)
  An adder (D:2)
  2 dart slugs (D:1)
  5 orcs (D:3)
  6 endoplasms
  5 giant cockroaches
  7 hobgoblins
  3 jackals (D:1)
  5 quokkas
  2 ball pythons (D:3)
  6 bats
  2 frilled lizards (D:1)
  6 goblins
  6 kobolds
  6 rats
66 creatures vanquished.

Notes
Turn   | Place    | Note
-------+----------+-------------------------------------------
     0 | D:1      | cforsyth the Human Fighter began the quest for the Orb.
     0 | D:1      | Reached XP level 1. HP: 18/18 MP: 1/1
   110 | D:1      | Reached XP level 2. HP: 24/24 MP: 2/2
   340 | D:1      | Reached XP level 3. HP: 26/29 MP: 3/3
   655 | D:2      | Reached XP level 4. HP: 25/35 MP: 2/4
   955 | D:2      | Found a runed translucent door.
   956 | D:2      | Noticed Crazy Yiuf
  1185 | D:3      | Found Fimixkaa's Assorted Antiques.
  1189 | D:3      | Reached XP level 5. HP: 29/42 MP: 2/5
  1292 | D:3      | Bought a glowing orange potion for 24 gold pieces
  1442 | D:3      | Noticed a shining eye
  1444 | D:3      | Noticed a great orb of eyes
  1446 | D:3      | Found a faded altar of an unknown god.
  1447 | D:3      | Noticed a golden eye
  1447 | D:3      | Noticed a shining eye
  1595 | D:3      | Found Jacusu's Antique Armour Boutique.
  1832 | D:4      | Noticed Sigmund
  1877 | D:3      | HP: 1/42 [poisoned by a scorpion]
  1878 | D:3      | Succumbed to a scorpion's poison

Illustrated notes

Levels and vault maps discovered:
D:1:      beargit_arrival_diablo_church, layout_basic,
          chequers_serial_rivers_micro_d
D:2:      layout_rooms, uniq_crazy_yiuf_cottage
D:3:      layout_rooms, serial_shops, nicolae_shop_crystal, shop,
          hellmonk_ecumenical_altar_watching_god
D:4:      layout_basic, nicolae_overflow_quartered_altars, serial_shops,
          nicolae_shop_trees, uniq_sigmund, uniq_ijyb, uniq_menkaure

Skill      XL: |  1  2  3  4  5 |
---------------+----------------+-----
Maces & Flails | 3 |  3.0
Fighting       | |  3.7
Armour         | |  3.8
Shields        | |  3.7

Action                     |  1- 3 |  4- 6 || total
---------------------------+-------+-------++-------
  Melee: Flail             |    88 |    94 ||   182
    Use: Potion            |       |     3 ||     3
 Armour: Scale mail        |    74 |    57 ||   131
  Dodge: Dodged            |    50 |    46 ||    96
  Block: Buckler           |    35 |    25 ||    60

Table legend: (Time is in decaauts)
 A = Elapsed time spent in this place.
 B = Non-inter-level travel time spent in this place.
 C = Inter-level travel time spent in this place.
 D = Time resting spent in this place.
 E = Time spent auto-exploring this place.
 F = Levels seen in this place.
 G = Mean time per level.
                   A        B        C        D        E       F      G
               +--------+--------+--------+--------+--------+-----+--------+
         Total |   1921 |   1875 |     46 |      0 |   1404 |   4 |  480.2 |
       Dungeon |   1921 |   1875 |     46 |      0 |   1404 |   4 |  480.2 |
               +--------+--------+--------+--------+--------+-----+--------+

Top non-repeatable levels by time:
     D:1: 647 daAuts
     D:3: 607 daAuts
     D:2: 466 daAuts
     D:4: 200 daAuts
